TOP OF THE 1ST |
Put-In-Bay BC batting - Pitching for Syracuse Storm : LHP António Muńóz
|
Pitching: LHP António Muńóz
|
|
Batting: SHB Júlio Pérez
|
0-0: Ball 1-0: Ball 2-0: Called Strike 2-1: Ball 3-1: Foul Ball, location: 2F 3-2: SINGLE (Flyball, 6MD)
|
Batting: LHB Francisco Alfaro
|
0-0: Ball 1-0: Called Strike 1-1: Ball 2-1: Foul Ball, location: 2F 2-2: Ball 3-2: Fly out, F8 (Flyball, 8RM)
|
Batting: LHB Tural Bishara
|
0-0: Called Strike 0-1: Swinging Strike 0-2: Ball 1-2: Strikes out swinging Júlio Pérez steals 2nd base Batter strikes out.
|
Batting: RHB Alan McLennan
|
0-0: Ball 1-0: Fly out, F9 (Line Drive, 89D)
|
Top of the 1st over - 0 run(s), 1 hit(s), 0 error(s), 1 left on base; Put-In-Bay 0 - Syracuse 0 |
BOTTOM OF THE 1ST |
Syracuse Storm batting - Pitching for Put-In-Bay BC : LHP Gerald Bolton
|
Pitching: LHP Gerald Bolton
|
|
Batting: RHB Tom Boyer
|
0-0: Ball 1-0: Ground out 1-3 (Groundball, 15S)
|
Batting: RHB Phil Sherman
|
0-0: Called Strike 0-1: Swinging Strike 0-2: Ball 1-2: Ball 2-2: DOUBLE (Line Drive, 7LM)
|
Batting: RHB Eduardo Santos
|
0-0: Ball 1-0: Ball 2-0: SINGLE (Flyball, 89S) Phil Sherman to third Runner from 3rd tries for Home, SAFE, throw made home Eduardo Santos to second
|
Batting: RHB Scotty Smalls
|
0-0: Called Strike 0-1: Foul Ball, location: 2F 0-2: Ball 1-2: Foul Ball, location: 2F 1-2: Ball 2-2: Ground out 4-3 (Groundball, 4) Eduardo Santos to third
|
Batting: LHB Phil MacNamara
|
0-0: Ball 1-0: Ground out 3-1 (Groundball, 34S)
|
Bottom of the 1st over - 1 run(s), 2 hit(s), 0 error(s), 1 left on base; Put-In-Bay 0 - Syracuse 1 |
TOP OF THE 2ND |
Put-In-Bay BC batting - Pitching for Syracuse Storm : LHP António Muńóz
|
Batting: RHB Mark Keys
|
0-0: Called Strike 0-1: Swinging Strike 0-2: Ball 1-2: Ball 2-2: Ball 3-2: Base on Balls
|
Batting: RHB Sameen Shaw
|
0-0: Ball 1-0: Called Strike 1-1: Called Strike 1-2: Strikes out swinging
|
Batting: RHB Oscar McMillan
|
0-0: Ball 1-0: Foul Ball, location: 2F 1-1: Swinging Strike 1-2: Strikes out swinging
|
Batting: SHB Eugene Clutch
|
0-0: Swinging Strike 0-1: Ball 1-1: Fly out, F8 (Flyball, 78D)
|
Top of the 2nd over - 0 run(s), 0 hit(s), 0 error(s), 1 left on base; Put-In-Bay 0 - Syracuse 1 |
BOTTOM OF THE 2ND |
Syracuse Storm batting - Pitching for Put-In-Bay BC : LHP Gerald Bolton
|
Batting: LHB António Paez
|
0-0: Ball 1-0: Foul Ball, location: 2F 1-1: Fly out, F8 (Flyball, 8LS)
|
Batting: RHB Tsuginori Kobayashi
|
0-0: Ground out 4-3 (Groundball, 4)
|
Batting: LHB José Trejo
|
0-0: Ball 1-0: Ball 2-0: Foul Ball, location: 2F 2-1: Foul Ball, location: 2F 2-2: SINGLE (Groundball, 4MD)
|
Batting: RHB Nicholas Manley
|
0-0: Called Strike 0-1: Foul Ball, location: 2F 0-2: Strikes out swinging
|
Bottom of the 2nd over - 0 run(s), 1 hit(s), 0 error(s), 1 left on base; Put-In-Bay 0 - Syracuse 1 |
TOP OF THE 3RD |
Put-In-Bay BC batting - Pitching for Syracuse Storm : LHP António Muńóz
|
Batting: RHB Ryan French
|
0-0: Ball 1-0: SINGLE (Line Drive, 8RS)
|
Batting: SHB Júlio Pérez
|
0-0: DOUBLE (Line Drive, 9LM) Ryan French to third
|
Batting: LHB Francisco Alfaro
|
0-0: Called Strike 0-1: Foul Ball, location: 2F 0-2: Foul Ball, location: 2F 0-2: Ball 1-2: Fly out, F7 (Flyball, 78M) Runner from 3rd tags up, SCORES, throw made
|
Batting: LHB Tural Bishara
|
0-0: Called Strike 0-1: Ball 1-1: Swinging Strike 1-2: SINGLE (Groundball, 34D) Júlio Pérez to third Runner from 3rd tries for Home, SAFE, no throw
|
Batting: RHB Alan McLennan
|
0-0: Called Strike 0-1: Ball 1-1: Fly out, F3 (Line Drive, 3)
|
Batting: RHB Mark Keys
|
0-0: Ball 1-0: Ball 2-0: Ball 3-0: Called Strike 3-1: Foul Ball, location: 2F 3-2: Foul Ball, location: 2F 3-2: Strikes out swinging
|
Top of the 3rd over - 2 run(s), 3 hit(s), 0 error(s), 1 left on base; Put-In-Bay 2 - Syracuse 1 |
BOTTOM OF THE 3RD |
Syracuse Storm batting - Pitching for Put-In-Bay BC : LHP Gerald Bolton
|
Batting: RHB Tom Boyer
|
0-0: Ball 1-0: Called Strike 1-1: SINGLE (Line Drive, 89M)
|
Batting: RHB Phil Sherman
|
0-0: Fly out, F8 (Flyball, 8LD)
|
Batting: RHB Eduardo Santos
|
0-0: Called Strike Tom Boyer steals 2nd base 0-1: Ball 1-1: Foul Ball, location: 2F 1-2: Fly out, F7 (Line Drive, 7S)
|
Batting: RHB Scotty Smalls
|
0-0: Ground out 6-3 (Groundball, 6)
|
Bottom of the 3rd over - 0 run(s), 1 hit(s), 0 error(s), 1 left on base; Put-In-Bay 2 - Syracuse 1 |
TOP OF THE 4TH |
Put-In-Bay BC batting - Pitching for Syracuse Storm : LHP António Muńóz
|
Batting: RHB Sameen Shaw
|
0-0: Ground out 5-3 (Groundball, 5)
|
Batting: RHB Oscar McMillan
|
0-0: Called Strike 0-1: Foul Ball, location: 2F 0-2: SINGLE (Flyball, 8RS)
|
Batting: SHB Eugene Clutch
|
0-0: Swinging Strike 0-1: Grounds into double play, 5-4-3 (Groundball, 56)
|
Top of the 4th over - 0 run(s), 1 hit(s), 0 error(s), 0 left on base; Put-In-Bay 2 - Syracuse 1 |
BOTTOM OF THE 4TH |
Syracuse Storm batting - Pitching for Put-In-Bay BC : LHP Gerald Bolton
|
Batting: LHB Phil MacNamara
|
0-0: Ball 1-0: Called Strike 1-1: Ball 2-1: Foul Ball, location: 2F 2-2: Strikes out swinging
|
Batting: LHB António Paez
|
0-0: SINGLE (Line Drive, 56D)
|
Batting: RHB Tsuginori Kobayashi
|
0-0: Ball 1-0: Ball 2-0: Fielders Choice at 2nd, 6-4 (Groundball, 6)
|
Batting: LHB José Trejo
|
0-0: Ground out U3 (Groundball, 34)
|
Bottom of the 4th over - 0 run(s), 1 hit(s), 0 error(s), 1 left on base; Put-In-Bay 2 - Syracuse 1 |
TOP OF THE 5TH |
Put-In-Bay BC batting - Pitching for Syracuse Storm : LHP António Muńóz
|
Batting: RHB Ryan French
|
0-0: Ball 1-0: Ball 2-0: Ball 3-0: Called Strike 3-1: Fly out, F9 (Flyball, 9)
|
Batting: SHB Júlio Pérez
|
0-0: Ball 1-0: Fly out, F8 (Flyball, 8RM)
|
Batting: LHB Francisco Alfaro
|
0-0: Ball 1-0: Foul Ball, location: 2F 1-1: Ball 2-1: Ball 3-1: Foul Ball, location: 2F 3-2: Foul Ball, location: 2F 3-2: Base on Balls
|
Batting: LHB Tural Bishara
|
0-0: Called Strike 0-1: Ball 1-1: Foul Ball, location: 2F 1-2: Fly out, F8 (Flyball, 8LD)
|
Top of the 5th over - 0 run(s), 0 hit(s), 0 error(s), 1 left on base; Put-In-Bay 2 - Syracuse 1 |
BOTTOM OF THE 5TH |
Syracuse Storm batting - Pitching for Put-In-Bay BC : LHP Gerald Bolton
|
Batting: RHB Nicholas Manley
|
0-0: SINGLE (Groundball, 6MD)
|
Batting: RHB Tom Boyer
|
0-0: Ball 1-0: Swinging Strike 1-1: Sac Bunt - play at first, batter safe! Nicholas Manley to second
|
Batting: RHB Phil Sherman
|
0-0: Ball 1-0: Bunt missed! 1-1: Bunt missed! 1-2: SINGLE (Line Drive, 4) Nicholas Manley to third Tom Boyer to second
|
Batting: RHB Eduardo Santos
|
0-0: Ball 1-0: Fly out, F9 (Flyball, 9LS) Runner from 3rd tags up, SCORES, no throw
|
Batting: RHB Scotty Smalls
|
0-0: Called Strike 0-1: Ball 1-1: Fielders Choice at 2nd, 4-6 (Groundball, 4M) Tom Boyer to third
|
Batting: LHB Phil MacNamara
|
0-0: Called Strike 0-1: SINGLE (Flyball, 8RS) Tom Boyer scores Scotty Smalls to second
|
Batting: LHB António Paez
|
0-0: Ball 1-0: Ball 2-0: Called Strike 2-1: Called Strike 2-2: Ball 3-2: Fly out, F7 (Flyball, 7LSF)
|
Bottom of the 5th over - 2 run(s), 4 hit(s), 0 error(s), 2 left on base; Put-In-Bay 2 - Syracuse 3 |
TOP OF THE 6TH |
Put-In-Bay BC batting - Pitching for Syracuse Storm : LHP António Muńóz
|
Batting: RHB Alan McLennan
|
0-0: Called Strike 0-1: Ball 1-1: Ball 2-1: Called Strike 2-2: Ball 3-2: Ground out 5-3 (Groundball, 5L)
|
Batting: RHB Mark Keys
|
0-0: Ball 1-0: Ball 2-0: Called Strike 2-1: Foul Ball, location: 2F 2-2: Ground out 6-3 (Groundball, 6)
|
Batting: RHB Sameen Shaw
|
0-0: Ball 1-0: Ball 2-0: Ball 3-0: Called Strike 3-1: Swinging Strike 3-2: DOUBLE (Line Drive, 9LM)
|
Pitching: RHP Raúl Díaz
|
|
Batting: RHB Oscar McMillan
|
0-0: Swinging Strike 0-1: Ball 1-1: Fly out, F6 (Popup, 6)
|
Top of the 6th over - 0 run(s), 1 hit(s), 0 error(s), 1 left on base; Put-In-Bay 2 - Syracuse 3 |
BOTTOM OF THE 6TH |
Syracuse Storm batting - Pitching for Put-In-Bay BC : LHP Gerald Bolton
|
Batting: RHB Tsuginori Kobayashi
|
0-0: Swinging Strike 0-1: Ball 1-1: Ball 2-1: Swinging Strike 2-2: Ball 3-2: Base on Balls
|
Batting: LHB José Trejo
|
0-0: Sac Bunt - play at first, batter OUT! 1-3 Tsuginori Kobayashi to second
|
Batting: RHB Nicholas Manley
|
0-0: Intentional Walk
|
Batting: RHB Tom Boyer
|
0-0: Called Strike 0-1: Foul Ball, location: 2F 0-2: Ball 1-2: Fly out, F8 (Flyball, 8RM)
|
Batting: RHB Phil Sherman
|
0-0: Ball 1-0: Foul Ball, location: 2F 1-1: Ball 2-1: Fly out, F5 (Popup, 5L)
|
Bottom of the 6th over - 0 run(s), 0 hit(s), 0 error(s), 2 left on base; Put-In-Bay 2 - Syracuse 3 |
TOP OF THE 7TH |
Put-In-Bay BC batting - Pitching for Syracuse Storm : RHP Raúl Díaz
|
Batting: SHB Eugene Clutch
|
0-0: Ball 1-0: Ball 2-0: Called Strike 2-1: DOUBLE (Line Drive, 7LM)
|
Batting: RHB Ryan French
|
0-0: Ball Eugene Clutch is caught stealing 3rd base 1-0: Ball 2-0: SINGLE (Groundball, 56D)
|
Pinch Hitting: LHB Vicente Castaneda
|
0-0: Foul Ball, location: 2F 0-1: Swinging Strike 0-2: Strikes out swinging
|
Batting: LHB Francisco Alfaro
|
0-0: Ball 1-0: Fly out, F7 (Line Drive, 7S)
|
Top of the 7th over - 0 run(s), 2 hit(s), 0 error(s), 1 left on base; Put-In-Bay 2 - Syracuse 3 |
BOTTOM OF THE 7TH |
Syracuse Storm batting - Pitching for Put-In-Bay BC : LHP Gerald Bolton
|
Now in RF: Vicente Castaneda
|
|
Batting: RHB Eduardo Santos
|
0-0: Ball 1-0: Swinging Strike 1-1: Ball 2-1: Ball 3-1: Base on Balls
|
Pinch Hitting: RHB António Canales
|
0-0: Ground out 5-3 (Groundball, 56S) Eduardo Santos to second
|
Batting: LHB Phil MacNamara
|
0-0: Intentional Walk
|
Pinch Hitting: RHB Alejandro Villegas
|
0-0: Ball 1-0: Ball 2-0: Foul Ball, location: 2F 2-1: Grounds into double play, 5-4-3 (Groundball, 5)
|
Bottom of the 7th over - 0 run(s), 0 hit(s), 0 error(s), 1 left on base; Put-In-Bay 2 - Syracuse 3 |
TOP OF THE 8TH |
Put-In-Bay BC batting - Pitching for Syracuse Storm : RHP Raúl Díaz
|
Pitching: RHP Francisco Castillo
|
|
Now at 2B: Enrique Gómez
|
|
Now at SS: William Duffy
|
|
Batting: LHB Tural Bishara
|
0-0: Ball 1-0: Swinging Strike 1-1: Called Strike 1-2: Foul Ball, location: 2F 1-2: Strikes out looking
|
Batting: RHB Alan McLennan
|
0-0: Called Strike 0-1: Ball 1-1: Called Strike 1-2: Foul Ball, location: 2F 1-2: Ball 2-2: Ball 3-2: Foul Ball, location: 2F 3-2: Ground out 4-3 (Groundball, 4)
|
Batting: RHB Mark Keys
|
0-0: Ground out 5-3 (Groundball, 56)
|
Top of the 8th over - 0 run(s), 0 hit(s), 0 error(s), 0 left on base; Put-In-Bay 2 - Syracuse 3 |
BOTTOM OF THE 8TH |
Syracuse Storm batting - Pitching for Put-In-Bay BC : LHP Gerald Bolton
|
Batting: RHB Tsuginori Kobayashi
|
0-0: Ball 1-0: Ball 2-0: Ball 3-0: Foul Ball, location: 2F 3-1: Foul Ball, location: 2F 3-2: Foul Ball, location: 2F 3-2: Base on Balls
|
Pitching: RHP Tupac Blanch
|
|
Batting: LHB José Trejo
|
|
Pinch Hitting: LHB Jim Unknown
|
0-0: Sac Bunt - play at first, batter OUT! 1-4 Tsuginori Kobayashi to second
|
Batting: RHB Nicholas Manley
|
0-0: Intentional Walk
|
Batting: RHB Tom Boyer
|
0-0: Called Strike 0-1: Ball 1-1: Swinging Strike 1-2: Ball 2-2: Fielders Choice at 2nd, 6-4 (Groundball, 6) Tsuginori Kobayashi to third
|
Batting: RHB Phil Sherman
|
0-0: Ball 1-0: Called Strike 1-1: Ground out 5-3 (Groundball, 56S)
|
Bottom of the 8th over - 0 run(s), 0 hit(s), 0 error(s), 2 left on base; Put-In-Bay 2 - Syracuse 3 |
TOP OF THE 9TH |
Put-In-Bay BC batting - Pitching for Syracuse Storm : RHP Francisco Castillo
|
Pitching: RHP Dale Kurth
|
|
Now in RF: Jim Unknown
|
|
Batting: RHB Sameen Shaw
|
0-0: Called Strike 0-1: Foul Ball, location: 2F 0-2: Ball 1-2: Strikes out swinging
|
Pinch Hitting: RHB Edgar Balerio
|
0-0: Swinging Strike 0-1: Swinging Strike 0-2: Ball 1-2: Strikes out swinging
|
Batting: SHB Eugene Clutch
|
0-0: Called Strike 0-1: Ball 1-1: Swinging Strike 1-2: Ball 2-2: Ball 3-2: Foul Ball, location: 2F 3-2: Strikes out looking
|
Top of the 9th over - 0 run(s), 0 hit(s), 0 error(s), 0 left on base; Put-In-Bay 2 - Syracuse 3 |
|